 Dungeon Crawl Stone Soup version 0.31-a0-437-g7cee417757 (webtiles) character file.

Game seed: 10323596393605839826

74 Andi the Trooper (level 4, -3/41 HPs)
             Began as a Hill Orc Fighter on Aug 2, 2023.
             Slain by a gnoll
             ... wielding a +0 halberd
              (5 damage)
             ... on level 3 of the Dungeon.
             The game lasted 00:20:32 (2156 turns).

Andi the Trooper (Hill Orc Fighter)                 Turns: 2156, Time: 00:20:37

Health: -3/41      AC:  9    Str: 20    XL:     4   Next: 28%
Magic:  4/4        EV:  9    Int:  8    God:
Gold:   134        SH:  4    Dex: 10    Spells: 3/3 levels left

rFire   . . .        a - +0 war axe
rCold   . . .        c - +0 buckler
rNeg    . . .        b - +0 scale mail
rPois   .            o - +0 helmet
rElec   .            u - +0 cloak
rCorr   .            (no gloves)
SInv    .            (no boots)
Will    .....        n - amulet of regeneration Stlth
                     (no ring)
HPRegen 1.06/turn    (no ring)
MPRegen 0.09/turn

%: no passive effects
@: no status effects
A: no striking features
a: no special abilities


You were on level 3 of the Dungeon.
You visited 1 branch of the dungeon, and saw 3 of its levels.

You collected 134 gold pieces.

Inventory:

Hand Weapons
 a - a +0 war axe (weapon)
 f - a +0 club
 g - a +0 sling
 m - a +0 spear
 r - a +0 dagger
 t - a +0 dagger
 v - a +0 club
 x - a +0 dagger
 A - a +0 dagger
Missiles
 h - 30 stones
 B - a throwing net
Armour
 b - a +0 scale mail (worn)
 c - a +0 buckler (worn)
 e - a +0 scale mail
 j - a +0 robe
 o - a +0 helmet (worn)
 u - a +0 cloak (worn)
 w - a +0 ring mail
Jewellery
 n - an amulet of regeneration (around neck)
Scrolls
 i - a scroll of revelation {unknown}
 l - a scroll of identify {unknown}
 p - a scroll of poison {unknown}
 q - a scroll of teleportation {unknown}
 y - 2 scrolls of noise
Potions
 d - 3 potions of might
 k - a potion of heal wounds {unknown}
 s - a potion of invisibility {unknown}
 z - a potion of brilliance {unknown}


   Skills:
 + Level 4.3 Fighting
 + Level 4.0 Axes
 + Level 3.9 Armour
 + Level 0.4 Dodging
 + Level 3.6 Shields


You had 3 spell levels left.
You didn't know any spells.
Your spell library contained the following spells:

 Spells                   Type           Power      Damage    Failure   Level
 Apportation              Tloc           0%         N/A       83%         1
 Magic Dart               Conj           0%         1d3       83%         1
 Necrotise                Necr           0%         1d4       83%         1
 Summon Small Mammal      Summ           0%         N/A       83%         1
 Call Imp                 Summ           0%         N/A       92%         2
 Mephitic Cloud           Conj/Pois/Air  0%         N/A       99%         3


Dungeon Overview and Level Annotations

Branches:
Dungeon (3/15)

Altars:

Shops:
D:2 (


Message History

There is a stone staircase leading up here.
You block the gnoll's attack.
The gnoll hits you from afar with a +0 halberd.
The gnoll barely misses you.
The gnoll hits you from afar with a +0 spear.
The gnoll hits you from afar with a +0 halberd. x2
The gnoll hits you with a +0 spear. The gnoll closely misses you.
The gnoll hits you with a +0 halberd. The gnoll completely misses you.
The gnoll barely misses you.
You closely miss the gnoll. The gnoll misses you.
The gnoll hits you with a +0 halberd! You block the gnoll's attack.
You slash the gnoll!
The gnoll is heavily wounded.
The gnoll closely misses you. You block the gnoll's attack.
The gnoll closely misses you. You block the gnoll's attack.
Found 12 gold pieces.
The gnoll misses you.
You see here 12 gold pieces.
The gnoll throws a throwing net.
The throwing net closely misses you.
You see here a throwing net.
The gnoll hits you from afar with a +0 halberd. x2
You see here a throwing net.
B - a throwing net The gnoll hits you from afar with a +0 halberd. x2
* * * LOW HITPOINT WARNING * * *
The gnoll hits you but does no damage. The gnoll completely misses you.
You see here a beast talisman.
The gnoll barely misses you.
The gnoll hits you from afar with a +0 halberd!
The gnoll hits you but does no damage.
The gnoll hits you from afar with a +0 halberd!
* * * LOW HITPOINT WARNING * * *
There is a stone staircase leading up here.
The gnoll hits you from afar with a +0 halberd.
* * * LOW HITPOINT WARNING * * *
The gnoll hits you from afar with a +0 halberd.
You die...

..#..$.# #.#.##.#
#.#.##.## ##.
#.#.##..## #...
##.#.###..# ...
##.......#.##.#
##.....$.g.....#
#.......?g.◎.#....#
#......@.g..## ##..
#..........<#
##..........#
##...#...###
####...## #.### ...
.###


You could see 3 gnolls.

Vanquished Creatures
  3 adders (D:2)
  A worm (D:2)
  3 ball pythons
  3 bats
  5 endoplasms
  4 giant cockroaches
  4 goblins
  4 hobgoblins
  2 jackals (D:1)
  2 quokkas
  2 frilled lizards
  2 kobolds (D:2)
  6 rats
41 creatures vanquished.

Notes
Turn   | Place    | Note
-------+----------+-------------------------------------------
     0 | D:1      | Andi the Hill Orc Fighter began the quest for the Orb.
     0 | D:1      | Reached XP level 1. HP: 19/19 MP: 1/1
   257 | D:1      | Reached XP level 2. HP: 25/27 MP: 2/2
   912 | D:2      | Reached XP level 3. HP: 31/33 MP: 3/3
  1462 | D:2      | Found Suqixt's Weapon Shop.
  1510 | D:2      | Reached XP level 4. HP: 40/40 MP: 4/4
  2156 | D:3      | HP: 2/41 [gnoll/+0 halberd (6)]
  2156 | D:3      | Slain by a gnoll

Illustrated notes

Levels and vault maps discovered:
D:1:      dpeg_arrival_connections, layout_loops_cross
D:2:      layout_basic, serial_co_window_serial, co_window_corner_a,
          co_window_paths_a, co_window_corner_a, co_window_paths_a,
          co_window_paths_a, co_window_paths_a, co_window_of_opportunity_a,
          co_window_unsneaky_path_b, co_window_paths_c,
          co_window_of_opportunity_b, co_window_2corner, co_window_broadway_a,
          co_window_of_opportunity_b, co_window_corner_ca, glass_columns_a,
          glass_columns_a, serial_shops, nicolae_shop_window_shopping,
          minmay_between
D:3:      layout_rooms, cheibrodos_gnoll_hut

Skill      XL: |  1  2  3  4 |
---------------+-------------+-----
Axes           | 3 4 |  4.0
Fighting       | 4 |  4.3
Armour         | |  3.9
Dodging        | |  0.4
Shields        | |  3.6

Action                     |  1- 3 |  4- 6 || total
---------------------------+-------+-------++-------
  Melee: War axe           |   108 |    30 ||   138
    Use: Scroll            |       |     1 ||     1
 Armour: Scale mail        |    67 |    25 ||    92
  Dodge: Dodged            |    58 |    30 ||    88
  Block: Buckler           |    30 |    11 ||    41

Table legend: (Time is in decaauts)
 A = Elapsed time spent in this place.
 B = Non-inter-level travel time spent in this place.
 C = Inter-level travel time spent in this place.
 D = Time resting spent in this place.
 E = Time spent auto-exploring this place.
 F = Levels seen in this place.
 G = Mean time per level.
                   A        B        C        D        E       F      G
               +--------+--------+--------+--------+--------+-----+--------+
         Total |   2204 |   1977 |    227 |      0 |      0 |   3 |  734.7 |
       Dungeon |   2204 |   1977 |    227 |      0 |      0 |   3 |  734.7 |
               +--------+--------+--------+--------+--------+-----+--------+

Top non-repeatable levels by time:
     D:2: 1230 daAuts
     D:1: 938 daAuts
     D:3: 36 daAuts
